AoeStats
← Emden

Scandinavia

510570385Analyzed
1v1 RM · 2d ago on Oct 1, 2026· 63m 29s· 2 players
Game mode
Random Map
Map size
Tiny (2 player)
Population
200
Speed
Normal
Resources
Standard
Victory
Conquest
Starting age
Dark Age
Ending age
Imperial Age
RankedLock teamsTeams togetherTeam positionsShared explorationLock speedFull tech treeHidden civsTurbo modeCheats
Victory
Defeat
🇺🇸 Britons · United States
695
+16
🇫🇷 Ethiopians · France
704
-16
Emden
5:38 Loom
10:53 Feudal Age
11:28 Double-Bit Axe
12:17 Fishing Lines
15:27 Wheelbarrow
14:46 Gold Mining
17:33 Fletching
17:44 Padded Archer Armor
21:54 Arson
29:44 Stone Mining
32:56 Castle Age
31:15 Horse Collar
34:10 Hand Cart
33:19 Crossbowman
34:17 Bodkin Arrow
34:38 Leather Archer Armor
34:34 Light Cavalry
35:14 Husbandry
35:12 Pikeman
36:18 Murder Holes
37:32 Leather Archer Armor
37:27 Forging
37:17 Scale Mail Armor
39:38 Masonry
40:03 Bow Saw
41:23 Ballistics
42:12 Guard Tower
44:49 Yeomen
52:48 Imperial Age
53:30 Arbalester
54:16 Bracer
54:46 Ring Archer Armor
55:20 Chemistry
54:05 Arrowslits
54:52 Architecture
55:22 Warwolf
58:08 Conscription
64:03 Keep
perchoc.t
7:17 Loom
10:05 Feudal Age
15:18 Fletching
15:43 Double-Bit Axe
16:14 Horse Collar
20:52 Padded Archer Armor
21:40 Scale Mail Armor
22:09 Forging
24:42 Scale Barding Armor
30:11 Castle Age
31:23 Wheelbarrow
31:33 Chain Barding Armor
31:50 Iron Casting
31:24 Husbandry
32:40 Crossbowman
35:28 Squires
36:53 Town Watch
38:37 Hand Cart
39:55 Thumb Ring
40:35 Gold Mining
42:26 Bodkin Arrow
42:47 Leather Archer Armor
44:26 Ballistics
44:18 Masonry
48:52 Imperial Age
51:35 Elite Skirmisher
52:07 Elite Shotel Warrior
53:08 Conscription
56:52 Bracer
57:22 Ring Archer Armor
62:00 Blast Furnace
61:01 Scale Mail Armor
Connection lost

Rejoining the realm…

Still unreachable

The connection could not be restored.

Session expired

The server has moved on; the page needs a fresh start.